 Dungeon Crawl Stone Soup version 0.26.1-11-gd32895ea62 (webtiles) character file.

Game seed: 12650704034211276036

122 drfoley the Firebug (level 4, -1/33 HPs)
             Began as a Draconian Fire Elementalist on May 8, 2021.
             Killed from afar by a white imp (3 damage)
             ... with a puff of frost
             ... summoned by Natasha
             ... on level 2 of the Dungeon.
             The game lasted 00:12:47 (1619 turns).

drfoley the Firebug (Draconian Fire Elementalist)   Turns: 1619, Time: 00:12:48

Health: -1/33      AC:  5    Str: 10    XL:     4   Next: 78%
Magic:  0/17       EV: 16    Int: 17    God:
Gold:   128        SH:  0    Dex: 11    Spells: 7/8 levels left

rFire    . . .     SeeInvis .   (no weapon)
rCold    . . .     Faith    .   (no shield)
rNeg     . . .     Spirit   +   (armour unavailable)
rPois    .         Reflect  .   (helmet restricted)
rElec    .         Harm     .   (no cloak)
rCorr    .         Rampage  .   (no gloves)
Will     .....                  (no boots)
Stlth    ++........             d - amulet of guardian spirit (curse)
HPRegen  0.11/turn              c - +4 ring of evasion
MPRegen  0.15/turn              l - ring of magical power

@: slowed, very slow
A: unfitting armour, cold-blooded, AC +5
a: no special abilities


You were on level 2 of the Dungeon.
You visited 1 branch of the dungeon, and saw 2 of its levels.

You collected 128 gold pieces.

Inventory:

Missiles
 i - 10 poisoned darts
Jewellery
 c - a +4 ring of evasion (left hand)
 d - a cursed amulet of guardian spirit (around neck)
 l - a ring of magical power (right hand)
 p - an uncursed ring of resist corrosion
Scrolls
 a - 3 scrolls of identify {unknown}
 b - 3 scrolls of remove curse {unknown}
 e - a scroll of teleportation {unknown}
 k - 2 scrolls of immolation {unknown}
 m - a scroll of magic mapping {unknown}
 n - a scroll of fear {unknown}
 s - a scroll of enchant weapon {unknown}
Potions
 f - a potion of haste {unknown}
 g - 2 potions of attraction {unknown}
 h - a potion of ambrosia {unknown}
 j - a potion of curing {unknown}
 o - a potion of might {unknown}
 q - a potion of flight {unknown}
 r - a potion of degeneration {unknown}
 t - a potion of brilliance {unknown}
 u - a potion of heal wounds {unknown}


   Skills:
 - Level 1.7 Dodging
 - Level 1.7 Stealth
 + Level 2.8 Spellcasting
 * Level 3.3 Conjurations
 + Level 3.8 Fire Magic


You had 7 spell levels left.
You knew the following spells:

 Your Spells              Type           Power        Failure   Level
a - Foxfire               Conj/Fire      56%          4%          1

Your spell library contained the following spells:

 Spells                   Type           Power        Failure   Level
 Conjure Flame            Conj/Fire      14%          12%         3
 Inner Flame              Hex/Fire       8%           24%         3
 Sticky Flame             Conj/Fire      14%          38%         4
 Fireball                 Conj/Fire      7%           75%         5


Dungeon Overview and Level Annotations

Branches:
Dungeon (2/15)

Altars:

Annotations:
D:2 Natasha


Innate Abilities, Weirdness & Mutations

Your plain brown scales are hard. (AC +5)
You cannot fit into any form of body armour.
You are cold-blooded and may be slowed by cold attacks.


Message History

Natasha closely misses you. The white imp gestures at you.
The puff of frost hits you.
* * * LOW HITPOINT WARNING * * *
The white imp gestures at you. The puff of frost misses you.
Natasha closely misses you.
The white imp hits you but does no damage.
The foxfire hits the white imp.
The white imp is burned terribly!
You kill the white imp!
The white imp closely misses you.
The white imp hits you but does no damage.
Natasha barely misses you. The white imp gestures at you.
The puff of frost hits you!
* * * LOW HITPOINT WARNING * * *
Natasha casts a spell at you. You resist with some effort.
The white imp gestures at you. The puff of frost hits you.
You die...

#.# ###############.# #.#
#...............# #.#
#..)################# #.#
#...##..............# #<#
#...##.######..####.# #.#
###.##.# #..# #.# #....#
#..#### #.#
###########h....# #.#
.......@..5....# #.#
##....(##...#.[# #.#
#.#...)....##...#..# #.#
#.#.##.###.#....#..#
#.####.#.##.#.#.#..#.# ..
#........##.#.#.#..#.# .#
#........##.#......#.# ..#
#........##.#.#รท...#.#...#
.........##.#............#


You could see Natasha and a white imp (summoned).

Vanquished Creatures
  Natasha (twice) (D:2)
  A gnoll (D:1)
  2 adders (D:2)
  A worm (D:2)
  2 dart slugs
  A ball python (D:2)
  4 bats
  3 giant cockroaches (D:1)
  3 goblins (D:1)
  8 hobgoblins
  3 kobolds
  3 frilled lizards
  8 rats
41 creatures vanquished.

Vanquished Creatures (others)
  138 foxfires
138 creatures vanquished.

Grand Total: 179 creatures vanquished

Notes
Turn   | Place    | Note
-------+----------+-------------------------------------------
     0 | D:1      | drfoley the Draconian Fire Elementalist began the quest for
                  | the Orb.
     0 | D:1      | Reached XP level 1. HP: 14/14 MP: 3/3
   147 | D:1      | Reached XP level 2. HP: 20/20 MP: 0/5
   426 | D:1      | Reached XP level 3. HP: 25/26 MP: 2/6
  1226 | D:2      | Reached XP level 4. HP: 33/33 MP: 7/7
  1268 | D:2      | Noticed Natasha
  1278 | D:2      | Killed Natasha
  1592 | D:2      | Noticed Natasha
  1603 | D:2      | Killed Natasha
  1607 | D:2      | Noticed Natasha
  1619 | D:2      | Killed from afar by a white imp

Illustrated notes

Levels and vault maps discovered:
D:1:      wander_arrival_estate, layout_rooms
D:2:      layout_basic, uniq_natasha

Skill      XL: |  1  2  3  4 |
---------------+-------------+-----
Conjurations   | 2 3 |  3.3
Dodging        | |  1.7
Stealth        | |  1.7
Spellcasting   | |  2.8
Fire Magic     | |  3.8

Action                   |  1- 3 |  4- 6 || total
-------------------------+-------+-------++-------
Melee: Unarmed           |    22 |       ||    22
       Tailslap          |     6 |       ||     6
 Cast: Foxfire           |    54 |    25 ||    79
 Stab: Sleeping          |     1 |       ||     1
Armor: Skin              |    15 |     5 ||    20
Dodge: Dodged            |    37 |    15 ||    52
